 Dungeon Crawl Stone Soup version 0.20.1-1-g8b1a95d (webtiles) character file.

252624 Gargoyl the Severer (level 19, -3/177 HPs)
             Began as a Minotaur Abyssal Knight on July 7, 2017.
             Was the Champion of Lugonu.
             Slain by a stone giant simulacrum (22 damage)
             ... led by a necromancer
             ... on level 2 of the Vaults.
             The game lasted 01:36:46 (46746 turns).

Gargoyl the Severer (Minotaur Abyssal Knight)      Turns: 46746, Time: 01:36:47

Health: -3/177     AC: 33    Str: 23    XL:     19   Next: 35%
Magic:  26/26      EV:  9    Int: 15    God:    Lugonu [******]
Gold:   332        SH: 27    Dex: 22    Spells: 18/18 levels left

rFire    + + .     SeeInvis .   y - +2 broad axe (freeze)
rCold    + . .     Gourm    .   f - +1 large shield {rPois}
rNeg     . . .     Faith    .   g - +10 plate armour of Haacwol {Int+2 Dex-4 Slay+3}
rPois    +         Spirit   .   (helmet restricted)
rElec    +         Reflect  +   o - scarf {rC+ rF+}
rCorr    .         Harm     .   F - +2 pair of gloves
MR       +....                  K - +2 pair of boots
Stlth    ..........             L - +6 amulet of reflection
Regen    0.4/turn               J - ring "Gofrukluso" {rElec rF- Int+4 Dex+6 Slay+5}
MPRegen  0.2/turn               P - +6 ring of dexterity

@: about to teleport, marked
A: retaliatory headbutt, horns 2, thin metallic scales 1, thin skeletal
structure 1, blink, deformed body, fire resistance 2, low mp 1, sense
surroundings 2
}: 1/15 runes: serpentine
a: Blink, Depart the Abyss, Bend Space, Banish, Corrupt, Enter the Abyss, Brand
Weapon With Distortion, Renounce Religion


You were on level 2 of the Vaults.
You worshipped Lugonu.
Lugonu was exalted by your worship.
You were not hungry.

You visited 5 branches of the dungeon, and saw 29 of its levels.
You visited the Abyss 2 times.

You collected 3134 gold pieces.
You spent 2802 gold pieces at shops.

Inventory:

Hand Weapons
 a - a +0 broad axe
 l - a +0 broad axe
 y - a +2 broad axe of freezing (weapon)
 N - a cursed +3 trident of freezing
Missiles
 u - 62 tomahawks (quivered)
Armour
 f - a +1 large shield of poison resistance (worn)
 g - the +10 plate armour of Haacwol (worn) {Int+2 Dex-4 Slay+3}
   (You bought it in a shop on level 6 of the Dungeon)

   It affects your intelligence (+2).
   It affects your dexterity (-4).
   It affects your accuracy and damage with ranged weapons and melee attacks
   (+3).
 o - a scarf of resistance (worn)
 F - a +2 pair of gloves (worn)
 K - a +2 pair of boots (worn)
Jewellery
 d - an uncursed ring of protection from fire
 e - a +6 ring of strength {unknown}
 h - an uncursed ring of flight
 k - an uncursed amulet of regeneration
 n - an uncursed ring of ice
 q - an uncursed ring of resist corrosion
 r - an uncursed ring of see invisible
 w - an uncursed ring of protection from cold
 J - the ring "Gofrukluso" (left hand) {rElec rF- Int+4 Dex+6 Slay+5}
   (You bought it in a shop on level 3 of the Snake Pit)

   [ring of intelligence]

   It affects your intelligence (+4).
   It affects your dexterity (+6).
   It affects your accuracy and damage with ranged weapons and melee attacks
   (+5).
   It makes you vulnerable to fire.
   It insulates you from electricity.
 L - a +6 amulet of reflection (around neck)
 P - a +6 ring of dexterity (right hand)
Wands
 p - a wand of iceblast (10/15)
Scrolls
 m - a scroll of amnesia
 t - 6 scrolls of teleportation
 x - a scroll of holy word
 A - 3 scrolls of fog
 B - 4 scrolls of blinking
 G - 4 scrolls of recharging
 H - 4 scrolls of fear
 I - 2 scrolls of remove curse
 Y - 11 scrolls of identify
Potions
 b - 4 potions of might
 i - 8 potions of curing
 j - 2 potions of magic
 v - 6 potions of flight
 z - 3 potions of brilliance
 D - 3 potions of agility
 M - 2 potions of haste
 S - 2 potions of invisibility
 U - 3 potions of heal wounds
 V - a potion of berserk rage
 Z - a potion of cancellation
Comestibles
 c - 16 bread rations
 s - 11 meat rations
 C - a royal jelly
 O - 3 fruits


   Skills:
 + Level 17.4 Fighting
 + Level 20.6 Axes
 + Level 3.0 Throwing
 * Level 19.9 Armour
 + Level 4.6 Dodging
 + Level 13.8 Shields
 * Level 15.6 Invocations


You had 18 spell levels left.
You didn't know any spells.

Dungeon Overview and Level Annotations

Branches:
Dungeon (15/15)            Temple (0/1) D:6            Lair (6/6) D:10
  Swamp (0/4) Lair:3        Snake (4/4) Lair:3        Slime (0/5) Lair:6
    Orc (2/2) D:9             Elf (0/3) Orc:2        Vaults (2/5) D:13
 Depths (0/5) D:15
  Crypt: Vaults:2-3

Altars:
Ashenzari
Cheibriados
Dithmenos
Fedhas
Hepliaklqana
Kikubaaqudgha
Nemelex Xobeh
Qazlal
Trog
Uskayaw

Shops:
D:6 *   D:10 *   Orc:1 (   Orc:2 (%}[   Snake:3 =}}   Snake:4 [   Vaults:1 %

Annotations:
Abyss:1 Aizul


Innate Abilities, Weirdness & Mutations

You reflexively headbutt those who attack you in melee.
You have a pair of horns on your head.
You are partially covered in thin metallic scales. (AC +2)
You have a somewhat thin skeletal structure. (Dex +2, Stealth)
You can translocate small distances at will.
Armour fits poorly on your strangely shaped body.
Your flesh is very heat resistant. (rF++)
Your magical capacity is low. (-10% MP)
You passively map the area around you.


Message History

Lugonu accepts your kill.
You slash the orc knight! You freeze the orc knight. You slash the orc knight!
You freeze the orc knight. You slash the stone giant simulacrum!
The orc knight closely misses you. You block the orc knight's attack.
You block the stone giant simulacrum's attack.
The boggart gestures wildly while chanting.
The boggart flickers and vanishes!
Deactivating autopickup; reactivate with Ctrl-A.
You block the orc wizard's attack.
The orc knight unwields an uncursed war axe.
The orc knight wields an arbalest.
The orc knight shoots a bolt.
You reflect the bolt off an invisible shield around you!
The bolt hits the orc knight!!
Items here: ! ( ))))) [[[ †††
As you read the scroll of teleportation, it crumbles to dust.
You feel strangely unstable. The stone giant simulacrum hits you!!
* * * LOW HITPOINT WARNING * * *
The stone giant simulacrum freezes you!!
You resist.
You die...

, , , , , ,
#.#........#... , *,
, , #.
#.#........#... , ,
, #.#*
#.#........#... ,* ,
, #..
*#.#........#... , ,
#.. #.#(.......#...
, , * * #.#
#.#........#... , ,
,,
#.####..#########...
,, ,
#o.Z##Cco.........)(
,,,
#)o@opgcc..........)
* * *
#)####cOo..#####+##'
, #.# #.{>..# #.....
, ,#(..##.....#
#..... * ,
,#...##......#
#..... 8, *
,,#.####pO...##
#...#. * * #.#
#O.O..# #...#. , *
#.. #.W...# #...##
'..,*#.....# #...*)


You could see a yaktaur captain, 2 orc knights, a cyclops, an ironbrand
convoker, 3 yaktaurs, an ogre, a boggart, an orc wizard, a stone giant
simulacrum and 2 orcs.

Vanquished Creatures
  Vashnia (Snake:2)
  Jorgrun (Vaults:2)
  Rupert (Lair:5)
  Agnes (Snake:1)
  Roxanne (Snake:2)
  13 nagarajas
  A fire giant (Vaults:2)
  6 vault wardens
  An orc warlord (Orc:2)
  Louise (D:14)
  6 ironheart preservers
  2 stone giants
  Nessos (Lair:5)
  Snorg (Lair:4)
  Josephine (Lair:5)
  2 fire dragons
  A deep elf death mage (Vaults:1)
  3 ogre magi
  Erolcha (Orc:2)
  24 naga warriors
  An ice dragon (D:13)
  A great orb of eyes (Vaults:2)
  2 rakshasas (Vaults:1)
  5 vault guards
  A catoblepas (Lair:6)
  16 anacondas
  3 centaur warriors
  11 two-headed ogres
  A dancing weapon (Vaults:2)
  A deep troll shaman (Lair:6)
  4 death yaks (Lair:6)
  Urug (D:11)
  11 naga sharpshooters
  2 orc high priests
  A hell knight (Vaults:2)
  4 deep elf knights (Vaults:1)
  Sonja (D:11)
  11 shock serpents
  11 skeletal warriors
  4 salamander mystics (Snake:3)
  A spark wasp zombie (D:15)
  2 unseen horrors
  A storm dragon skeleton (Vaults:1)
  A glowing orange brain (Vaults:2)
  6 naga ritualists
  2 flayed ghosts (D:15)
  6 necromancers
  A deep elf archer (Vaults:1)
  2 wizards
  A harpy (shapeshifter) (D:14)
  10 orc knights
  8 mana vipers
  3 harpies (Vaults:1)
  6 ironbrand convokers
  7 orc sorcerers
  35 ugly things
  3 deep elf magi
  6 cyclopes
  2 manticores
  15 salamanders
  A sphinx skeleton (Vaults:1)
  5 vault sentinels
  33 naga magi
  Joseph (D:7)
  5 guardian serpents
  46 black mambas
  22 elephants
  A spiny frog (shapeshifter) (Vaults:1)
  A gargoyle (D:13)
  11 spiny frogs
  2 yaktaur zombies
  A torpor snail (Lair:6)
  A kobold demonologist (D:12)
  9 komodo dragons
  4 freezing wraiths
  2 rime drakes
  12 yaktaurs
  A tengu conjurer (D:15)
  A guardian mummy (D:15)
  12 trolls
  An entropy weaver simulacrum (Vaults:1)
  2 polar bears (Lair:6)
  2 hornets
  Grinder (D:3)
  A fire dragon zombie (D:15)
  17 blink frogs
  A frost giant simulacrum (Vaults:1)
  8 slime creatures
  An ettin zombie (Vaults:1)
  5 dream sheep (Lair:4)
  A centaur simulacrum (D:15)
  6 hippogriffs
  A water elemental (D:14)
  2 shadows
  2 vampires
  20 humans (D:13)
  11 wraiths
  2 wyverns
  5 basilisks
  A hungry ghost (D:7)
  61 yaks
  3 human simulacra (Vaults:1)
  A human (shapeshifter) (D:14)
  3 vampire mosquitoes (D:14)
  A yaktaur simulacrum (Vaults:1)
  2 human zombies
  8 wargs
  2 acid dragons (D:12)
  46 nagas
  23 water moccasins
  An ogre skeleton (Vaults:1)
  56 orc warriors
  7 porcupines
  3 sky beasts
  A black bear (shapeshifter) (Vaults:2)
  2 human skeletons
  3 phantoms
  2 black bears
  A swamp drake (shapeshifter) (D:15)
  2 ice beasts
  An orc skeleton (Vaults:1)
  A necrophage (D:7)
  9 boggarts
  21 ogres
  7 wolves (Lair:6)
  17 centaurs
  18 crocodiles
  A big kobold (D:12)
  10 bullfrogs
  2 wyvern skeletons (D:13)
  3 scorpions
  10 killer bees
  An orc simulacrum (Vaults:1)
  4 electric eels
  3 vampire bats (D:4)
  3 wights (D:7)
  2 howler monkeys
  9 crimson imps
  5 hounds
  2 quasits
  7 centaur zombies
  6 jellies
  22 orc priests
  5 centaur skeletons
  5 iguanas
  2 bullfrog skeletons
  33 orc wizards
  5 polar bear simulacra (Lair:6)
  9 worker ants
  2 yak simulacra (Lair:6)
  A wolf simulacrum (Lair:6)
  3 hound skeletons
  2 worker ant zombies
  6 gnolls
  A howler monkey skeleton (D:7)
  8 adders
  4 shadow imps
  7 oozes
  An adder zombie (D:6)
  An adder skeleton (D:10)
  A dart slug (D:3)
  12 leopard geckos
  109 orcs
  A bat skeleton (D:4)
  3 bat zombies (D:4)
  9 giant cockroaches
  8 hobgoblins
  16 jackals
  15 kobolds
  3 quokkas
  2 ball pythons
  A ball python skeleton (D:4)
  12 bats
  3 frilled lizards
  10 goblins
  A jackal skeleton (D:6)
  A jackal zombie (D:5)
  12 rats
  3 river rat simulacra (Lair:6)
  2 fungi
  A plant (Lair:6)
1252 creatures vanquished.

Vanquished Creatures (others)
  A storm dragon (Vaults:2)
  2 hydras (Lair:6)
  A centaur warrior (Vaults:1)
  5 naga sharpshooters
  A naga ritualist (Snake:3)
  A necromancer (Vaults:1)
  A salamander (Snake:3)
  11 yaktaurs
  A komodo dragon (Lair:2)
  2 orc warriors
  6 electric eels (Lair:3)
  A hound zombie (D:6)
  4 orcs (Orc:2)
  3 bushes
  28 fungi
  19 plants
  9 withered plants (D:15)
96 creatures vanquished.

Grand Total: 1348 creatures vanquished

Notes
Turn   | Place    | Note
-------+----------+-------------------------------------------
     0 | Abyss:1  | Gargoyl the Minotaur Abyssal Knight began the quest for the Orb.
     0 | Abyss:1  | Reached XP level 1. HP: 19/19 MP: 1/1
   130 | Abyss:2  | Noticed a wretched star
   131 | D:1      | Escaped the Abyss
   194 | D:1      | Reached XP level 2. HP: 22/27 MP: 2/2
   213 | D:1      | Reached * piety under Lugonu
   542 | D:1      | Reached XP level 3. HP: 27/34 MP: 3/3
  1056 | D:2      | Reached ** piety under Lugonu
  1077 | D:2      | Reached skill level 3 in Axes
  1653 | D:3      | Reached XP level 4. HP: 41/41 MP: 4/4
  2396 | D:3      | Noticed Grinder
  2411 | D:3      | Killed Grinder
  2411 | D:3      | Reached skill level 5 in Fighting
  2411 | D:3      | Reached skill level 4 in Axes
  2411 | D:3      | Reached XP level 5. HP: 18/48 MP: 4/6
  2411 | D:3      | Reached XP level 6. HP: 21/56 MP: 4/7
  3135 | D:4      | Reached skill level 5 in Axes
  3143 | D:4      | Reached XP level 7. HP: 15/61 MP: 8/8
  3438 | D:4      | Reached *** piety under Lugonu
  3438 | D:4      | Reached skill level 5 in Armour
  3786 | D:4      | Found an ancient bone altar of Kikubaaqudgha.
  3799 | D:4      | Reached skill level 6 in Axes
  4068 | D:5      | Entered Level 5 of the Dungeon
  4154 | D:5      | Found a hazy altar of Hepliaklqana.
  4154 | D:5      | Found a bloodstained altar of Trog.
  4234 | D:5      | Reached XP level 8. HP: 58/70 MP: 10/10
  4504 | D:5      | Reached skill level 7 in Axes
  4589 | D:5      | Reached **** piety under Lugonu
  4867 | D:5      | Reached skill level 8 in Axes
  4867 | D:5      | Reached skill level 5 in Invocations
  5051 | D:5      | Gained mutation: You are surrounded by a mild repulsion field. (EV +2) [mutagenic meat]
  5053 | D:5      | Gained mutation: Your flesh is heat resistant. (rF+) [mutagenic meat]
  5054 | D:5      | Gained mutation: Your magical capacity is low. (-10% MP) [mutagenic meat]
  5127 | D:6      | Found a staircase to the Ecumenical Temple.
  5157 | D:6      | Reached XP level 9. HP: 75/75 MP: 10/10
  5160 | D:6      | Found Lejeiri's Assorted Antiques.
  5168 | D:6      | Reached skill level 9 in Axes
  5245 | D:6      | Found a stormy altar of Qazlal.
  5282 | D:6      | Found a snail-covered altar of Cheibriados.
  5503 | D:6      | Noticed a hand axe
  5503 | D:6      | Noticed a dagger
  5507 | D:6      | Found a hide-covered altar of Uskayaw.
  6543 | D:7      | Noticed Joseph
  6565 | D:7      | Killed Joseph
  6565 | D:7      | Reached skill level 10 in Axes
  7091 | D:6      | Found a hazy altar of Hepliaklqana.
  7447 | D:8      | Found a blossoming altar of Fedhas.
  7568 | D:8      | Reached XP level 10. HP: 86/86 MP: 12/12
  7832 | D:8      | Reached skill level 11 in Axes
  7879 | D:8      | Reached ***** piety under Lugonu
  8050 | D:8      | Reached skill level 10 in Armour
  8601 | D:9      | Found a shattered altar of Ashenzari.
  8771 | D:9      | Found a staircase to the Orcish Mines.
  9693 | D:9      | Reached skill level 12 in Axes
  9756 | D:10     | Entered Level 10 of the Dungeon
  9772 | D:10     | Found a staircase to the Lair.
 10018 | D:10     | Found Duciykoi's Assorted Antiques.
 10030 | D:10     | Bought a scroll of enchant weapon for 142 gold pieces
 10030 | D:10     | Bought a scroll of enchant armour for 142 gold pieces
 10428 | Lair:1   | Entered Level 1 of the Lair of Beasts
 10491 | Lair:1   | Reached XP level 11. HP: 84/94 MP: 13/13
 12231 | Lair:2   | Reached skill level 13 in Axes
 13348 | Lair:3   | Found a sparkling altar of Nemelex Xobeh.
 13363 | Lair:3   | Found a staircase to the Snake Pit.
 14256 | Lair:3   | Found a staircase to the Swamp.
 14590 | Lair:3   | Reached XP level 12. HP: 104/104 MP: 15/15
 15386 | Lair:4   | Reached skill level 14 in Axes
 15462 | Lair:4   | Noticed Snorg
 15512 | Lair:4   | Killed Snorg
 16805 | Lair:5   | Noticed a five-headed hydra
 16973 | Lair:3   | Banished a five-headed hydra
 17185 | Lair:4   | Reached skill level 10 in Invocations
 17317 | Lair:4   | Lost mutation: Your flesh is heat resistant. (rF+) [potion of mutation]
 17317 | Lair:4   | Lost mutation: Your magical capacity is low. (-10% MP) [potion of mutation]
 17317 | Lair:4   | Lost mutation: You are surrounded by a mild repulsion field. (EV +2) [potion of mutation]
 17317 | Lair:4   | Gained mutation: You are dopey. (Int -2) [potion of mutation]
 17317 | Lair:4   | Gained mutation: You are robust. (+10% HP) [potion of mutation]
 17599 | Lair:5   | Noticed Josephine
 17607 | Lair:5   | Reached skill level 10 in Fighting
 17610 | Lair:5   | Killed Josephine
 17704 | Lair:5   | Noticed Nessos
 17719 | Lair:5   | Killed Nessos
 17719 | Lair:5   | Reached XP level 13. HP: 38/124 MP: 18/20
 18081 | Lair:5   | Noticed Rupert
 18088 | Lair:5   | Paralysed by Rupert for 7 turns
 18102 | Lair:5   | Paralysed by Rupert for 5 turns
 18117 | Lair:5   | Killed Rupert
 18117 | Lair:5   | Reached skill level 15 in Axes
 18522 | Lair:6   | Entered Level 6 of the Lair of Beasts
 20057 | Lair:6   | Reached skill level 16 in Axes
 20337 | Lair:6   | Found a staircase to the Slime Pits.
 20591 | Lair:6   | Reached skill level 15 in Armour
 21079 | D:6      | Bought a translucent plate armour for 728 gold pieces
 21089 | D:6      | Identified the +10 plate armour of Haacwol {Int+2 Dex-4 Slay+3} (You bought it in a shop on level 6 of the Dungeon)
 21643 | Lair:6   | Reached XP level 14. HP: 105/136 MP: 21/21
 21648 | Lair:6   | Reached skill level 1 in Throwing
 21912 | Lair:6   | Identified the Handbook of Contamination and Ignition
 22508 | Orc:1    | Entered Level 1 of the Orcish Mines
 22612 | Orc:2    | Entered Level 2 of the Orcish Mines
 22766 | Orc:2    | Noticed Erolcha
 22776 | Orc:2    | Killed Erolcha
 23260 | Orc:2    | Reached skill level 17 in Axes
 24004 | Orc:2    | Found a staircase to the Elven Halls.
 24106 | Orc:1    | Found Eklitt's Antique Weapon Emporium.
 24256 | Orc:2    | Noticed an orc warlord
 24270 | Orc:2    | Killed an orc warlord
 24270 | Orc:2    | Reached ****** piety under Lugonu
 25073 | Orc:2    | Found Varocriu's Gadget Shoppe.
 25073 | Orc:2    | Found Mathe's Food Shop.
 25075 | Orc:2    | Found Silotie's Antique Weapon Boutique.
 25085 | Orc:2    | Found Tacyts's Armour Emporium.
 25336 | Orc:2    | Bought a +0 cloak for 67 gold pieces
 25639 | D:11     | Lost mutation: You are robust. (+10% HP) [potion of mutation]
 25639 | D:11     | Lost mutation: You are dopey. (Int -2) [potion of mutation]
 25639 | D:11     | Gained mutation: You are partially covered in rugged brown scales. (AC +1, +3% HP) [potion of mutation]
 25639 | D:11     | Gained mutation: You passively map a small area around you. [potion of mutation]
 25764 | D:11     | Noticed Urug
 25780 | D:11     | Killed Urug
 26008 | D:11     | Noticed Sonja
 26551 | D:11     | Killed Sonja
 28176 | D:13     | Reached XP level 15. HP: 120/138 MP: 23/23
 28181 | D:13     | Gained mutation: Your spells are a little harder to cast, but a little more powerful. [mutagenic meat]
 28182 | D:13     | Gained mutation: Your body sometimes deteriorates upon taking damage. [mutagenic meat]
 28183 | D:13     | Gained mutation: You expend magic power (3 MP) to strengthen your wands. [mutagenic meat]
 28277 | D:13     | Reached skill level 18 in Axes
 28357 | D:13     | Found a gate to the Vaults.
 29673 | D:14     | Gained mutation: Your flesh is heat resistant. (rF+) [mutagenic meat]
 29674 | D:14     | Lost mutation: Your spells are a little harder to cast, but a little more powerful. [mutagenic meat]
 29675 | D:14     | Gained mutation: You have an increased reservoir of magic. (+10% MP) [mutagenic meat]
 29724 | D:14     | Found a shadowy altar of Dithmenos.
 29758 | D:14     | Noticed Louise
 29777 | D:14     | Cast into level 3 of the Abyss (Louise)
 29842 | D:14     | Escaped the Abyss
 29861 | D:14     | Killed Louise
 30558 | D:15     | Entered Level 15 of the Dungeon
 30616 | D:15     | Found a staircase to the Depths.
 30853 | D:15     | Reached skill level 1 in Shields
 30879 | D:15     | Gained mutation: You have a somewhat thin skeletal structure. (Dex +2, Stealth) [mutagenic meat]
 30881 | D:15     | Gained mutation: You can translocate small distances at will. [mutagenic meat]
 30883 | D:15     | Gained mutation: You are dopey. (Int -2) [mutagenic meat]
 30884 | D:15     | Lost mutation: You have an increased reservoir of magic. (+10% MP) [mutagenic meat]
 31188 | D:15     | Paralysed by an ogre mage for 3 turns
 31739 | D:15     | Lost mutation: You are dopey. (Int -2) [potion of mutation]
 31739 | D:15     | Lost mutation: Your body sometimes deteriorates upon taking damage. [potion of mutation]
 31739 | D:15     | Lost mutation: You expend magic power (3 MP) to strengthen your wands. [potion of mutation]
 31739 | D:15     | Lost mutation: You are partially covered in rugged brown scales. (AC +1, +3% HP) [potion of mutation]
 31739 | D:15     | Gained mutation: Scrolls take you a little longer to read. [potion of mutation]
 31739 | D:15     | Gained mutation: Armour fits poorly on your strangely shaped body. [potion of mutation]
 31739 | D:15     | Gained mutation: You are surrounded by a mild repulsion field. (EV +2) [potion of mutation]
 31945 | Snake:1  | Entered Level 1 of the Snake Pit
 32000 | Snake:1  | Noticed Aizul
 32011 | Snake:1  | Banished Aizul
 32915 | Snake:1  | Reached XP level 16. HP: 124/145 MP: 24/24
 33297 | Snake:1  | Reached skill level 5 in Shields
 33736 | Snake:1  | Noticed Agnes
 33751 | Snake:1  | Killed Agnes
 34833 | Snake:2  | Noticed Roxanne
 34853 | Snake:2  | Killed Roxanne
 34853 | Snake:2  | Reached skill level 19 in Axes
 38060 | Snake:2  | Gained mutation: You are agile. (Dex +2) [mutagenic meat]
 38061 | Snake:2  | Gained mutation: Your flesh is very heat resistant. (rF++) [mutagenic meat]
 38124 | Snake:3  | Noticed Vashnia
 38132 | Snake:3  | Reached XP level 17. HP: 94/154 MP: 26/26
 39129 | Snake:2  | Killed Vashnia
 39129 | Snake:2  | Reached skill level 15 in Fighting
 40100 | Snake:3  | Found Hiux's Jewellery Shoppe.
 40100 | Snake:3  | Found Astrask's Gadget Shop.
 40101 | Snake:3  | Found Kigip's Gadget Shop.
 40434 | Snake:3  | Reached skill level 10 in Shields
 40687 | Snake:3  | Bought the ring "Gofrukluso" {rElec rF- Int+4 Dex+6 Slay+5} for 946 gold pieces
 40687 | Snake:3  | Bought a cursed +6 amulet of reflection for 777 gold pieces
 40767 | Snake:4  | Entered Level 4 of the Snake Pit
 41567 | Snake:4  | Found Boxu's Armour Emporium.
 42872 | Snake:4  | Reached XP level 18. HP: 120/166 MP: 28/28
 43515 | Snake:4  | Got a serpentine rune of Zot
 43878 | Vaults:1 | Entered Level 1 of the Vaults
 43963 | Vaults:1 | Reached skill level 15 in Invocations
 44338 | Vaults:1 | Paralysed by an ogre mage for 4 turns
 44646 | Vaults:1 | Reached skill level 20 in Axes
 45255 | Vaults:1 | Gained mutation: You have sharp toenails. [mutagenic meat]
 45263 | Vaults:1 | Gained mutation: You are partially covered in rugged brown scales. (AC +1, +3% HP) [mutagenic meat]
 45516 | Vaults:1 | Gained mutation: Your mind is acute. (Int +2) [mutagenic meat]
 45517 | Vaults:1 | Lost mutation: You are surrounded by a mild repulsion field. (EV +2) [mutagenic meat]
 45524 | Vaults:1 | Lost mutation: Your mind is acute. (Int +2) [mutagenic meat]
 45530 | Vaults:1 | Gained mutation: Scrolls take you longer to read. [mutagenic meat]
 45532 | Vaults:1 | Lost mutation: You are agile. (Dex +2) [mutagenic meat]
 45749 | Vaults:1 | Found Wieho's Food Boutique.
 45854 | Vaults:1 | Gained mutation: You passively map the area around you. [mutagenic meat]
 45855 | Vaults:1 | Gained mutation: You are robust. (+10% HP) [mutagenic meat]
 45856 | Vaults:1 | Lost mutation: You are robust. (+10% HP) [mutagenic meat]
 45857 | Vaults:1 | Lost mutation: You are partially covered in rugged brown scales. (AC +1, +3% HP) [mutagenic meat]
 45858 | Vaults:1 | Lost mutation: You have sharp toenails. [mutagenic meat]
 45859 | Vaults:1 | Gained mutation: Your magical capacity is low. (-10% MP) [mutagenic meat]
 45860 | Vaults:1 | Lost mutation: Scrolls take you longer to read. [mutagenic meat]
 46029 | Vaults:2 | Gained mutation: You are partially covered in thin metallic scales. (AC +2) [mutagenic meat]
 46030 | Vaults:2 | Lost mutation: Scrolls take you a little longer to read. [mutagenic meat]
 46290 | Vaults:2 | Reached XP level 19. HP: 174/174 MP: 26/26
 46655 | Vaults:2 | Noticed Jorgrun
 46670 | Vaults:2 | Killed Jorgrun
 46746 | Vaults:2 | Slain by a stone giant simulacrum

Skill      XL: |  1  2  3  4  5  6  7  8  9 10 11 12 13 14 15 16 17 18 19 |
---------------+----------------------------------------------------------+-----
Fighting       | 4 5 6 7 8 9 10 11 12 13 14 15 16 17 | 17.4
Invocations    | 2 3 4 5 6 7 8 10 11 12 13 14 15 | 15.6
Axes           | 3 4 5 6 8 10 12 13 14 16 17 18 19 20 | 20.6
Armour         | 4 6 7 9 11 12 14 15 16 17 18 19 | 19.9
Dodging        | 2 3 4 |  4.6
Throwing       | 1 2 3 |  3.0
Shields        | 4 8 11 13 | 13.8

Action                   |  1- 3 |  4- 6 |  7- 9 | 10-12 | 13-15 | 16-18 | 19-21 || total
-------------------------+-------+-------+-------+-------+-------+-------+-------++-------
Melee: Hand axe          |    74 |       |    30 |    28 |       |       |       ||   132
       Headbutt          |     9 |     9 |    83 |   165 |   335 |   384 |    39 ||  1024
       War axe           |     2 |    65 |   350 |    69 |       |       |       ||   486
       Broad axe         |       |       |       |   592 |  1171 |  1229 |   117 ||  3109
Throw: Tomahawk          |       |       |       |     6 |    30 |    10 |       ||    46
Invok: Depart the Abyss  |     1 |       |       |       |     1 |       |       ||     2
       Banish            |       |       |     1 |    12 |     5 |       |       ||    18
       Bend Space        |       |       |       |       |       |     1 |       ||     1
  Use: Scroll            |     8 |     4 |     9 |    15 |    12 |     6 |     1 ||    55
       Potion            |       |     1 |     2 |     6 |     8 |     5 |       ||    22
 Stab: Invisible         |       |       |       |     1 |       |       |       ||     1
  Eat: Chunk             |     2 |     5 |    18 |    29 |    43 |    34 |       ||   131
       Meat ration       |       |       |     1 |       |       |     1 |     1 ||     3
       Royal jelly       |       |       |       |     2 |    12 |     1 |       ||    15
       Fruit             |       |       |       |     4 |       |    18 |       ||    22
       Bread ration      |       |       |       |       |       |     4 |       ||     4
Armor: Leather armour    |    34 |       |       |       |       |       |       ||    34
       Ring mail         |       |    27 |       |       |       |       |       ||    27
       Chain mail        |       |     2 |   186 |       |       |       |       ||   188
       Plate armour      |       |       |    80 |   415 |   947 |   503 |    26 ||  1971
Dodge: Dodged            |    62 |    55 |   192 |   408 |   483 |   237 |    17 ||  1454
Block: Other             |       |       |       |    53 |   122 |       |       ||   175
       Reflection        |       |       |       |     2 |    40 |   193 |    33 ||   268
       Large shield      |       |       |       |       |   209 |  1371 |   157 ||  1737
